 Dungeon Crawl Stone Soup version 0.31-a0-949-g57150269e1 (webtiles) character file.

Game seed: 14377850392183432621

44 CowFu the Poker (level 3, -2/29 HPs)
             Began as a Merfolk Fighter on Oct 22, 2023.
             Slain by a goblin
             ... wielding a +0 club
             ... led by Robin
              (5 damage)
             ... on level 2 of the Dungeon.
             The game lasted 00:00:42 (497 turns).

CowFu the Poker (Merfolk Fighter)                    Turns: 497, Time: 00:00:42

Health: -2/29      AC:  6    Str: 18    XL:     3   Next: 62%
Magic:  3/3        EV:  9    Int:  7    God:
Gold:   33         SH:  4    Dex: 13    Spells: 2/2 levels left

rFire   . . .        a - +0 trident
rCold   . . .        c - +0 buckler
rNeg    . . .        b - +0 scale mail
rPois   .            (no helmet)
rElec   .            (no cloak)
rCorr   .            (no gloves)
SInv    .            (no boots)
Will    .....        (no amulet) Stlth
                     (no ring)
HPRegen 0.24/turn    (no ring)
MPRegen 0.08/turn

%: no passive effects
@: no status effects
A: (nimble swimmer 2), mertail
a: no special abilities


You were on level 2 of the Dungeon.
You visited 1 branch of the dungeon, and saw 2 of its levels.

You collected 33 gold pieces.

Inventory:

Hand Weapons
 a - a +0 trident (weapon)
Missiles
 h - a throwing net
Armour
 b - a +0 scale mail (worn)
 c - a +0 buckler (worn)
Potions
 d - a potion of might
 f - a potion of enlightenment {unknown}
 g - a potion of attraction {unknown}
 i - a potion of curing {unknown}


   Skills:
 - Level 3.2 Fighting
 + Level 5.2 Polearms
 - Level 2.1 Armour
 - Level 3.0 Shields


You had 2 spell levels left.
You didn't know any spells.
Your spell library contained the following spells:

 Spells                   Type           Power      Damage    Failure   Level
 Magic Dart               Conj           0%         1d3       88%         1
 Summon Small Mammal      Summ           0%         N/A       88%         1
 Call Imp                 Summ           0%         N/A       96%         2
 Call Canine Familiar     Summ           0%         N/A       99%         3
 Mephitic Cloud           Conj/Pois/Air  0%         N/A       99%         3
 Summon Guardian Golem    Hex/Summ       0%         N/A       99%         3


Dungeon Overview and Level Annotations

Branches:
Dungeon (2/15)

Altars:

Annotations:
D:2 Robin


Innate Abilities, Weirdness & Mutations

((You are very nimble when in or above water. (Stealth+, EV+, Speed+++)))
Your lower body shifts to a powerful aquatic tail in water.


Message History

You hit the hobgoblin.
The hobgoblin is heavily wounded.
The goblin barely misses you. The goblin hits you with a +0 club.
The hobgoblin hits you but does no damage.
You hit the hobgoblin.
You kill the hobgoblin!
The goblin hits you with a +0 club. The goblin closely misses you.
You are too injured to fight recklessly!
You are too injured to fight recklessly!
You are too injured to fight recklessly!
You are too injured to fight recklessly!
You are too injured to fight recklessly!
You are too injured to fight recklessly!
You are too injured to fight recklessly!
You are too injured to fight recklessly!
You are too injured to fight recklessly!
You are too injured to fight recklessly!
You are too injured to fight recklessly!
You are too injured to fight recklessly!
You are too injured to fight recklessly!
You are too injured to fight recklessly!
You are too injured to fight recklessly!
You are too injured to fight recklessly!
Robin throws the goblin at you! The goblin hits you but does no damage.
The goblin attacks as it pursues you! The goblin closely misses you.
The goblin barely misses you.
You are too injured to fight recklessly!
You puncture the goblin!
You kill the goblin!
Robin says, "Duck!"
Robin throws the goblin at you!
* * * LOW HITPOINT WARNING * * *
The goblin hits you with a +0 club.
* * * LOW HITPOINT WARNING * * *
The goblin hits you but does no damage.
The air fills with toxic fumes!
As you read the scroll labelled KIFIGE OTSOEGG, it crumbles to dust.
It was a scroll of poison.
You block the goblin's attack. The goblin hits you with a +0 club.
You die...

g.# g.# #§§# #. gg.# #§§#
#. #.. #§§# #. #.# #§§#
#.##.#####§§# #.$.....##§§#
#..(..g.##§g# #.......##@§#
#..§§§§gg§g§#
#..§§§§§##§###########
#..§§§§.##§##.......(######
#..§§§..##§##†######.#.>...
#.##§#####§#...# #.#.####
#.#§..####§#...# #<......
#........§§#...# ###.####
###.....######.# #.#


You could see Robin, a hobgoblin (strong) and 2 goblins.

Vanquished Creatures
  2 bats (D:1)
  2 endoplasms (D:1)
  2 giant cockroaches (D:1)
  10 goblins
  5 hobgoblins
  7 jackals
  3 ball pythons (D:1)
  3 frilled lizards (D:1)
  2 kobolds (D:1)
  2 rats
38 creatures vanquished.

Notes
Turn   | Place    | Note
-------+----------+-------------------------------------------
     0 | D:1      | CowFu the Merfolk Fighter began the quest for the Orb.
     0 | D:1      | Reached XP level 1. HP: 18/18 MP: 1/1
    12 | D:1      | Reached skill level 3 in Polearms
    98 | D:1      | Reached XP level 2. HP: 24/24 MP: 2/2
   176 | D:1      | Reached skill level 4 in Polearms
   263 | D:1      | Reached XP level 3. HP: 29/29 MP: 3/3
   466 | D:2      | Noticed Robin
   481 | D:2      | Reached skill level 5 in Polearms
   497 | D:2      | Slain by a goblin

Illustrated notes

Levels and vault maps discovered:
D:1:      minmay_arrival_shoal_huts, layout_rooms
D:2:      layout_loops_ring, uniq_robin, uniq_crazy_yiuf_cottage, uniq_terence

Skill      XL: |  1  2  3 |
---------------+----------+-----
Polearms       | 3 4 5 |  5.2
Fighting       | |  3.2
Armour         | |  2.1
Shields        | |  3.0

Action                     || total
---------------------------++-------
  Melee: Trident           ||   110
         Tailslap          ||     3
    Use: Scroll            ||     1
 Armour: Scale mail        ||    68
  Dodge: Dodged            ||    59
  Block: Buckler           ||    16

Table legend: (Time is in decaauts)
 A = Elapsed time spent in this place.
 B = Non-inter-level travel time spent in this place.
 C = Inter-level travel time spent in this place.
 D = Time resting spent in this place.
 E = Time spent auto-exploring this place.
 F = Levels seen in this place.
 G = Mean time per level.
                   A        B        C        D        E       F      G
               +--------+--------+--------+--------+--------+-----+--------+
         Total |    480 |    474 |      6 |      0 |    276 |   2 |  240.0 |
       Dungeon |    480 |    474 |      6 |      0 |    276 |   2 |  240.0 |
               +--------+--------+--------+--------+--------+-----+--------+

Top non-repeatable levels by time:
     D:1: 358 daAuts
     D:2: 122 daAuts
